 Dungeon Crawl Stone Soup version 0.29-a0-542-g075992c915 (webtiles) character file.

Game seed: 4270835139923672538

14212 Crownlay the Basher (level 12, -1/100 HPs)
             Began as a Hill Orc Fighter on June 3, 2022.
             Was an Initiate of Gozag.
             Engulfed by an ice statue's freezing vapour (3 damage)
             ... in an ice cave.
             The game lasted 00:16:36 (10832 turns).

Crownlay the Basher (Hill Orc Fighter)             Turns: 10832, Time: 00:16:37

Health: -1/100     AC: 23    Str: 24    XL:     12   Next: 14%
Magic:  12/12      EV:  4    Int: 10    God:    Gozag
Gold:   1280       SH: 22    Dex: 16    Spells: 11/11 levels left

rFire   . . .      SeeInvis .   r - +6 shillelagh "Devastator" {shatter}
rCold   . . .      Faith    .   s - +5 tower shield {rN+}
rNeg    + + .      Spirit   .   Q - +2 plate armour {rPois}
rPois   +          Reflect  .   o - +0 helmet
rElec   +          Harm     .   w - +0 cloak
rCorr   .          Rampage  .   g - +2 pair of gloves of Usu Ruge {rElec rN+ Int+2}
Will    +....                   F - +1 pair of boots
Stlth   ..........              b - amulet of regeneration
HPRegen 1.06/turn               I - ring of willpower
MPRegen 0.13/turn               q - +6 ring of dexterity

@: no status effects
A: no striking features
a: Renounce Religion, Potion Petition, Call Merchant, Bribe Branch


You were in an ice cave.
You worshipped Gozag.
Gozag was most pleased with you.
You visited 1 branch of the dungeon, and saw 12 of its levels.
You also visited: Ice Cave.

You collected 3103 gold pieces.
You spent 454 gold pieces at shops.
You paid 1369 gold pieces to Gozag.

Inventory:

Hand Weapons
 c - the +5 morningstar "Ysexego" {elec, Str+2 Int+8}
   (You bought it in a shop on level 11 of the Dungeon)

   It occasionally discharges a powerful burst of electricity upon striking a
   foe.
   Str:       It affects your strength (+2).
   Int:       It affects your intelligence (+8).
 r - the +6 shillelagh "Devastator" (weapon) {shatter}
   (You found it on level 3 of the Dungeon)

   It releases a powerful concussive burst when it strikes, dealing extra damage
   to the target and all other foes adjacent to them.
Missiles
 N - 17 boomerangs of dispersal (quivered)
Armour
 g - the +2 pair of gloves of Usu Ruge (worn) {rElec rN+ Int+2}
   (You found it on level 11 of the Dungeon)

   Int:       It affects your intelligence (+2).
   rElec:     It insulates you from electricity.
   rN:        It protects you from negative energy.
 o - a +0 helmet (worn)
 s - a +5 tower shield of positive energy (worn)
 w - a +0 cloak (worn)
 F - a +1 pair of boots (worn)
 K - the +1 Delatra's gloves {ID++}
   (You found it on level 6 of the Dungeon)

   It heals its wearer when they drink unknown potions.
   It restores its wearer's MP when they read unknown scrolls.
 Q - a +2 plate armour of poison resistance (worn)
Jewellery
 b - an amulet of regeneration (around neck)
 q - a +6 ring of dexterity (right hand)
 v - a ring of fire
 y - a ring of flight
 I - a ring of willpower (left hand)
Wands
 e - a wand of paralysis (3)
 B - a wand of flame (15)
Scrolls
 a - a scroll of enchant armour
 h - a scroll of fear {unknown}
 j - a scroll of identify
 k - a scroll of enchant weapon {unknown}
 u - 4 scrolls of teleportation
 x - a scroll of torment {unknown}
 z - 3 scrolls of amnesia
 D - a scroll of brand weapon {unknown}
 E - 2 scrolls of magic mapping
 J - 3 scrolls of fog
 P - a scroll of acquirement {unknown}
Potions
 d - 4 potions of might
 f - 2 potions of lignification {unknown}
 i - 3 potions of mutation
 l - 3 potions of attraction {unknown}
 m - 2 potions of curing
 n - 3 potions of flight {unknown}
 p - a potion of brilliance
 t - 3 potions of berserk rage {unknown}
 A - 6 potions of ambrosia
 C - 2 potions of magic {unknown}
 G - a potion of invisibility {unknown}
 H - 2 potions of haste {unknown}
 O - a potion of heal wounds {unknown}


   Skills:
 - Level 7.0 Fighting
 - Level 7.5(12.6) Axes
 - Level 13.4(14.0) Maces & Flails
 - Level 5.0 Throwing
 + Level 7.5 Armour
 + Level 11.4 Shields


You had 11 spell levels left.
You didn't know any spells.
Your spell library contained the following spells:

 Spells                   Type           Power      Damage    Failure   Level
 Sting                    Tmut/Pois      0%         1d3       100%        1
 Ensorcelled Hibernation  Hex/Ice        0%         N/A       100%        2
 Passwall                 Tmut/Erth      0%         N/A       100%        2
 Poisonous Vapours        Pois/Air       0%         N/A       100%        2
 Swiftness                Air            0%         N/A       100%        3
 Olgreb's Toxic Radiance  Pois           0%         N/A       100%        4
 Alistair's Intoxication  Tmut/Pois      0%         N/A       100%        5
 Borgnjor's Vile Clutch   Necr/Erth      0%         N/A       100%        5
 Eringya's Noxious Bog    Tmut/Pois      0%         N/A       100%        6


Dungeon Overview and Level Annotations

Branches:
Dungeon (12/15)            Temple (0/1) D:4            Lair (0/6) D:10
    Orc (0/2) D:11          IceCv (1/1)

Altars:
Ashenzari
Elyvilon
Gozag
Hepliaklqana
Kikubaaqudgha
Trog
Uskayaw
Vehumet
Wu Jian
Xom
Yredelemnul
Zin
The Shining One
Beogh

Shops:
D:4 =   D:9 =*   D:11 (

Annotations:
IceCv exclusion: 2 ice statues


Message History

The white imp is heavily wounded.
You block the white imp's attack.
You hit the white imp.
You kill the white imp!
No target in view!
No target in view!
No target in view!
No target in view!
No target in view!
You start resting.
HP restored.
You now have 1267 gold pieces (gained 9).
You now have 1273 gold pieces (gained 6).
You now have 1280 gold pieces (gained 7). 2 ice statues come into view.
The ice statue gestures at you. The bolt of cold hits you.
The ice statue gestures at you. The shard of ice hits you!
Marking area around 2 ice statues as unsafe for travelling.
You see here 7 gold pieces.
The ice statue gestures at you. You block the shard of ice.
You see here 7 gold pieces.
The ice statue gestures at you. x2
The shard of ice hits you!!
You hit the ice statue.
The ice statue shudders.
The ice statue is moderately damaged. x2
You are engulfed in freezing vapours.
You hit the ice statue.
The ice statue shudders.
The ice statue is heavily damaged. x2
You are engulfed in freezing vapours.
The ice statue gestures at you. The shard of ice hits you!!!
* * * LOW HITPOINT WARNING * * *
Okay, then.
Okay, then.
You are engulfed in freezing vapours.
You die...
Your body crumbles into a pile of gold.

##..## #....## #.....##
#### 8......# ##..######
##......# ##....##..##
###.......#
#..........###.°.......##
#.∩.∩.......#...°°○.....#
#.......##....##@°○°....#
##....#####..####°°.....#
##..## #### #8......##
#### ####.#.## ####


There were no monsters in sight!

Vanquished Creatures
  4 two-headed ogres
  2 cyclopes (D:11)
  A manticore (D:11)
  2 rime drakes (D:12)
  An unseen horror (D:11)
  A komodo dragon (D:11)
  An ice devil (IceCv)
  A troll (D:10)
  3 meliai (D:12)
  A queen bee (D:12)
  A wraith (D:11)
  A wyvern (D:10)
  11 yaks
  2 steam dragons
  Menkaure (D:7)
  6 vampire mosquitoes
  An acid dragon (D:9)
  2 water moccasins (D:6)
  An ice beast (D:8)
  4 orc warriors (D:9)
  3 ogres
  A black bear (D:5)
  2 centaurs
  2 phantoms (D:5)
  3 kobold brigands
  2 gnoll sergeants
  2 bullfrogs (D:6)
  3 necrophages
  2 scorpions (D:6)
  2 two-headed ogre simulacra (IceCv)
  8 wights
  25 killer bees
  An elephant simulacrum (IceCv)
  3 howler monkeys
  2 vampire bats (D:5)
  9 orc priests
  5 hounds
  Crazy Yiuf (D:3)
  A gnoll shaman (D:6)
  Terence (D:3)
  Natasha (thrice) (D:3)
  11 orc wizards
  A spriggan simulacrum (IceCv)
  A polar bear simulacrum (IceCv)
  A troll simulacrum (IceCv)
  Robin (D:2)
  18 gnolls
  12 adders
  4 white imps
  2 worms (D:2)
  70 orcs
  9 ball pythons
  7 bats
  3 bat skeletons (D:5)
  2 bat zombies (D:5)
  4 endoplasms
  4 giant cockroaches
  20 goblins
  3 hobgoblins (D:1)
  8 jackals
  16 kobolds
  2 quokkas
  5 frilled lizards
  8 rats
340 creatures vanquished.

Vanquished Creatures (others)
  A plant (D:3)
1 creature vanquished.

Grand Total: 341 creatures vanquished

Notes
Turn   | Place    | Note
-------+----------+-------------------------------------------
     0 | D:1      | Crownlay the Hill Orc Fighter began the quest for the Orb.
     0 | D:1      | Reached XP level 1. HP: 19/19 MP: 1/1
   134 | D:1      | Reached XP level 2. HP: 5/26 MP: 2/2
   454 | D:1      | Found a faded altar of an unknown god.
   471 | D:1      | Prayed at the altar of an unknown god.
   471 | D:1      | Became a worshipper of Gozag Ym Sagoz the Greedy
   714 | D:1      | Reached XP level 3. HP: 30/31 MP: 3/3
   961 | D:2      | Reached skill level 5 in Axes
   969 | D:2      | Reached XP level 4. HP: 33/39 MP: 4/4
  1149 | D:2      | Found a shimmering altar of Xom.
  1461 | D:2      | Noticed Robin
  1477 | D:2      | Killed Robin
  1478 | D:2      | Reached XP level 5. HP: 32/45 MP: 5/5
  1929 | D:3      | Found the +6 shillelagh "Devastator" {shatter}
  2015 | D:3      | Noticed Terence
  2020 | D:3      | Killed Terence
  2131 | D:3      | Found a runed translucent door.
  2132 | D:3      | Noticed Crazy Yiuf
  2402 | D:3      | Noticed Natasha
  2404 | D:3      | Killed Natasha
  2405 | D:3      | Reached skill level 1 in Maces & Flails
  2508 | D:3      | Noticed Natasha
  2512 | D:3      | Killed Natasha
  2513 | D:3      | Reached XP level 6. HP: 52/52 MP: 6/6
  2594 | D:3      | Noticed Natasha
  2598 | D:3      | Killed Natasha
  2847 | D:3      | Killed Crazy Yiuf
  2848 | D:3      | Reached skill level 2 in Maces & Flails
  3110 | D:4      | Found Qeg Lera's Jewellery Emporium.
  3399 | D:4      | Found a staircase to the Ecumenical Temple.
  3687 | D:5      | Entered Level 5 of the Dungeon
  3690 | D:5      | Noticed a black bear
  3696 | D:5      | Reached skill level 3 in Maces & Flails
  3696 | D:5      | Reached XP level 7. HP: 50/60 MP: 7/7
  3705 | D:5      | Reached skill level 4 in Maces & Flails
  3771 | D:5      | Reached skill level 5 in Fighting
  3833 | D:5      | Found an ancient bone altar of Kikubaaqudgha.
  3908 | D:5      | Found a hazy altar of Hepliaklqana.
  4219 | D:5      | Reached skill level 5 in Maces & Flails
  4239 | D:5      | Reached skill level 5 in Shields
  4496 | D:5      | Reached XP level 8. HP: 68/68 MP: 8/8
  4621 | D:6      | Reached skill level 6 in Maces & Flails
  4649 | D:6      | Found the +1 Delatra's gloves {ID++}
  4715 | D:6      | Found an ornate altar of the Wu Jian Council.
  4763 | D:6      | Noticed a yak
  4764 | D:6      | Noticed a yak
  4771 | D:6      | Noticed a yak
  4771 | D:6      | Noticed a yak
  4772 | D:6      | Killed a yak
  4773 | D:6      | Reached skill level 7 in Maces & Flails
  4774 | D:6      | Killed a yak
  4782 | D:6      | Killed a yak
  4782 | D:6      | Killed a yak
  4783 | D:6      | Reached skill level 8 in Maces & Flails
  4783 | D:6      | Reached XP level 9. HP: 55/78 MP: 9/9
  5153 | D:6      | Found a hide-covered altar of Uskayaw.
  5312 | D:6      | Found a radiant altar of Vehumet.
  5483 | D:7      | Noticed Menkaure
  5501 | D:7      | Killed Menkaure
  5522 | D:7      | Reached skill level 9 in Maces & Flails
  6337 | D:8      | Noticed a two-headed ogre
  6347 | D:8      | Killed a two-headed ogre
  6348 | D:8      | Reached skill level 10 in Maces & Flails
  6348 | D:8      | Reached XP level 10. HP: 15/86 MP: 10/10
  6793 | D:8      | Reached skill level 11 in Maces & Flails
  7943 | D:9      | Noticed a two-headed ogre
  7950 | D:9      | Killed a two-headed ogre
  7951 | D:9      | Reached skill level 1 in Throwing
  8253 | D:9      | Found a roughly hewn altar of Beogh.
  8411 | D:9      | Reached skill level 12 in Maces & Flails
  8816 | D:9      | Found a glowing golden altar of the Shining One.
  8936 | D:9      | Bought a scroll of enchant armour for 112 gold pieces
  8936 | D:9      | Bought a scroll of teleportation for 45 gold pieces
  8945 | D:10     | Entered Level 10 of the Dungeon
  9030 | D:10     | Found a shimmering altar of Xom.
  9063 | D:10     | Found a basalt altar of Yredelemnul.
  9149 | D:10     | Reached XP level 11. HP: 90/92 MP: 11/11
  9218 | D:10     | Found a bloodstained altar of Trog.
  9280 | D:10     | Found a white marble altar of Elyvilon.
  9479 | D:10     | Found a glowing silver altar of Zin.
  9521 | D:10     | Found a staircase to the Lair.
  9622 | D:11     | Noticed a two-headed ogre
  9630 | D:11     | Killed a two-headed ogre
  9679 | D:11     | Found a staircase to the Orcish Mines.
  9759 | D:11     | Found a broken altar of Ashenzari.
  9858 | D:11     | Identified the +2 pair of gloves of Usu Ruge {rElec rN+
                  | Int+2}
  9875 | D:11     | Found Wied's Antique Weapon Shoppe.
  9892 | D:11     | Bought an ichor-stained morningstar for 297 gold pieces
  9892 | D:11     | Identified the +5 morningstar "Ysexego" {elec, Str+2 Int+8}
                  | (You bought it in a shop on level 11 of the Dungeon)
  9924 | D:11     | Noticed a cyclops
  9925 | D:11     | Noticed a cyclops
  9928 | D:11     | Noticed a manticore
  9931 | D:11     | Killed a cyclops
  9936 | D:11     | Killed a cyclops
  9937 | D:11     | Reached skill level 13 in Maces & Flails
  9937 | D:11     | Reached skill level 10 in Shields
  9942 | D:11     | Killed a manticore
  9943 | D:11     | Reached skill level 5 in Armour
 10022 | D:11     | Noticed a two-headed ogre
 10032 | D:11     | Killed a two-headed ogre
 10630 | D:12     | Reached skill level 5 in Throwing
 10658 | D:12     | Reached XP level 12. HP: 54/100 MP: 12/12
 10736 | D:12     | Found a frozen archway.
 10765 | IceCv    | Entered an ice cave
 10831 | IceCv    | HP: 2/100 [ice statue/shard of ice (36)]
 10832 | IceCv    | Engulfed by an ice statue's freezing vapour

Illustrated notes

Levels and vault maps discovered:
D:1:      eino_arrival_tree_alley, layout_basic,
          hellmonk_ecumenical_altar_run_dry
D:2:      layout_rooms, basic_altar, minmay_misc_feat_nine_boxes, uniq_robin
D:3:      layout_basic, serial_bayou, serial_bayou_pond_d, serial_bayou_pond_e,
          serial_bayou_lake_a, serial_bayou_shore_b, uniq_terence, uniq_natasha,
          uniq_crazy_yiuf_cottage
D:4:      layout_loops_ring, minmay_temple_entry_poolview, minmay_misc_feat_x,
          nicolae_stop_n_shop_1, chequers_serial_rivers_large_a,
          bh_walls_and_bars
D:5:      layout_gridville, kennysheep_mini_moat, kennysheep_vampire_church
D:6:      layout_basic, nicolae_overflow_hidden_temple, lemuel_crystal_altar,
          nicolae_uskayaw_murder_on_the_dancefloor,
          chequers_serial_rivers_small_3
D:7:      layout_rooms, hangedman_glass_teeth, kennysheep_generic_room_11,
          uniq_menkaure
D:8:      layout_layer_cave, minivault_26, dk_vineyard_3,
          minmay_misc_feat_encased, grunt_decor_cap, minmay_unpleasant_kobolds
D:9:      layout_roguey [special_room_orc], kennysheep_mini
D:10:     layout_rooms, mainiacjoe_overflow_alcove_4, zin_scriptorium,
          mainiacjoe_overflow_cross_hatched, trog_three_pillars_becter,
          mainiacjoe_overflow_six_doors_small, lair_entry_dummy
D:11:     layout_long_grid, hiddenorc2_lemuel, serial_shops, shop,
          nicolae_ashenzari_skybound
D:12:     layout_roguey [special_room_bee], portal_ice_cave_rime,
          nicolae_vehumet_radiance
IceCv:    ice_cave_small_demon

Skill      XL: |  1  2  3  4  5  6  7  8  9 10 11 12 |
---------------+-------------------------------------+-----
Axes           | 3 4 5 6 7 |  7.5
Maces & Flails | 1 3 5 8 10 12 13 | 13.4
Fighting       | 4 5 6 7 |  7.0
Shields        | 4 5 6 8 9 11 | 11.4
Throwing       | 3 5 |  5.0
Armour         | 4 6 7 |  7.5

Action                   |  1- 3 |  4- 6 |  7- 9 | 10-12 || total
-------------------------+-------+-------+-------+-------++-------
Melee: War axe           |    83 |    85 |       |       ||   168
       Shillelagh        |       |    49 |   112 |   328 ||   489
Throw: Dart              |     4 |       |     1 |     2 ||     7
       Throwing net      |       |       |       |     1 ||     1
Invok: Call Merchant     |       |       |       |     2 ||     2
  Use: Scroll            |       |       |     6 |     9 ||    15
       Potion            |       |       |     1 |       ||     1
 Stab: Distracted        |       |     1 |     2 |     4 ||     7
Armor: Scale mail        |    41 |    63 |    33 |    19 ||   156
       Plate armour      |       |       |       |   106 ||   106
Dodge: Dodged            |    41 |    48 |    36 |    59 ||   184
Block: Buckler           |    18 |    30 |    30 |    34 ||   112
       Tower shield      |       |       |       |   174 ||   174

Table legend: (Time is in decaauts)
 A = Elapsed time spent in this place.
 B = Non-inter-level travel time spent in this place.
 C = Inter-level travel time spent in this place.
 D = Time resting spent in this place.
 E = Time spent auto-exploring this place.
 F = Levels seen in this place.
 G = Mean time per level.
                   A        B        C        D        E       F      G
               +--------+--------+--------+--------+--------+-----+--------+
         Total |  10871 |  10544 |    327 |    164 |   8585 |  13 |  836.2 |
       Dungeon |  10807 |  10480 |    327 |    146 |   8578 |  12 |  900.6 |
      Ice Cave |     64 |     64 |      0 |     18 |      7 |   1 |   64.0 |
               +--------+--------+--------+--------+--------+-----+--------+

Top non-repeatable levels by time:
     D:8: 1441 daAuts
     D:9: 1258 daAuts
     D:3: 1035 daAuts
     D:2: 980 daAuts
     D:1: 976 daAuts
     D:5: 910 daAuts
    D:11: 847 daAuts
     D:6: 839 daAuts
     D:4: 810 daAuts
     D:7: 780 daAuts
    D:10: 661 daAuts
    D:12: 265 daAuts
   IceCv: 64 daAuts
